[Event "Petrov Memorial Rapid"]
[Site "Jurmala"]
[Date "2015.03.08"]
[Round "8"]
[White "Naiditsch, Arkadij"]
[Black "Meskovs, Nikita"]
[Result "1-0"]
[ECO "B42"]
[WhiteElo "2711"]
[BlackElo "2450"]
[Annotator "Robot 8"]
[PlyCount "57"]
[EventDate "2015.??.??"]
[EventCountry "LAT"]
[TimeControl "900+6"]

1. e4 c5 2. Nf3 e6 3. d4 cxd4 4. Nxd4 a6 5. Bd3 Nf6 6. O-O Qc7 7. Kh1 Be7 8. f4
d6 9. c4 Nc6 10. Nxc6 bxc6 11. Nc3 O-O 12. b3 e5 13. Qe1 exf4 14. Bxf4 Nd7 15.
Qg3 Ne5 16. c5 Be6 17. Na4 Rfd8 18. Nb6 Ra7 19. Nc4 Bxc4 20. Bxe5 dxe5 21. Bxc4
Rf8 22. Rxf7 Rxf7 23. Rf1 Bxc5 24. Rxf7 Qxf7 25. Qxe5 Bf8 26. Bxf7+ Rxf7 27.
Qe6 a5 28. g3 g6 29. Kg2 1-0

[Event "Petrov Memorial Rapid"]
[Site "Jurmala"]
[Date "2015.03.08"]
[Round "8"]
[White "Gelfand, Boris"]
[Black "Ivanchuk, Vasil"]
[Result "1/2-1/2"]
[ECO "D27"]
[WhiteElo "2747"]
[BlackElo "2731"]
[Annotator "Robot 8"]
[PlyCount "76"]
[EventDate "2015.??.??"]
[EventCountry "LAT"]
[TimeControl "900+6"]

1. d4 d5 2. c4 dxc4 3. e3 e6 4. Bxc4 Nf6 5. Nf3 c5 6. O-O a6 7. dxc5 Qxd1 8.
Rxd1 Bxc5 9. Be2 b6 10. Nfd2 Bb7 11. Nc4 Nbd7 12. Nc3 Bc6 13. a3 a5 14. Nd6+
Ke7 15. Ndb5 Rhd8 16. Bd2 Ne5 17. Be1 Rxd1 18. Rxd1 Rd8 19. Rxd8 Kxd8 20. Na4
Nfd7 21. Nxc5 Nxc5 22. Bc3 f6 23. f3 Bd5 24. b4 axb4 25. axb4 Na4 26. Ba1 Bc4
27. Kf1 Bxe2+ 28. Kxe2 Nc6 29. Nc3 Nxc3+ 30. Bxc3 b5 31. Kd3 Kd7 32. f4 Ke7 33.
g4 g6 34. e4 f5 35. gxf5 exf5 36. Ke3 Ke6 37. Kd3 Kd6 38. Ke3 Ke6 1/2-1/2

[Event "Petrov Memorial Rapid"]
[Site "Jurmala"]
[Date "2015.03.08"]
[Round "8"]
[White "Fridman, Daniel"]
[Black "Socko, Monika"]
[Result "1-0"]
[ECO "E11"]
[WhiteElo "2647"]
[BlackElo "2463"]
[Annotator "Robot 8"]
[PlyCount "151"]
[EventDate "2015.??.??"]
[EventCountry "LAT"]
[TimeControl "900+6"]

1. d4 Nf6 2. Nf3 e6 3. c4 Bb4+ 4. Bd2 Qe7 5. Nc3 O-O 6. g3 d6 7. Bg2 Bxc3 8.
Bxc3 Ne4 9. Rc1 Nxc3 10. Rxc3 Nc6 11. O-O e5 12. d5 Nb8 13. b4 a5 14. Ra3 b6
15. Nd2 Na6 16. bxa5 Nc5 17. Nb3 Ba6 18. axb6 cxb6 19. Qc2 Qc7 20. Rc1 g6 21.
Qc3 Bb7 22. Nd2 Rxa3 23. Qxa3 Ra8 24. Qb2 Ra6 25. Ne4 Nxe4 26. Bxe4 Qc5 27. Bd3
Kg7 28. Rb1 Bc8 29. Kg2 Bd7 30. h4 h6 31. f4 Qe3 32. c5 b5 33. cxd6 f6 34. fxe5
fxe5 35. Qc1 Qd4 36. Bxb5 Qe4+ 37. Kf2 Rxd6 38. Bxd7 Rxd7 39. Rb3 Qxd5 40. Qb2
Qc5+ 41. Kg2 h5 42. Rb5 Qc6+ 43. Kh2 Rf7 44. Qxe5+ Kh7 45. Qc5 Qe6 46. Rb2 Qf6
47. Qb6 Qf1 48. e4 Qe1 49. Qd4 Qc1 50. a4 Qa1 51. e5 Qe1 52. a5 Rf1 53. Qd5 Qc3
54. Qd2 Qc6 55. Qg2 Qc4 56. Rb7+ Kh8 57. Rb8+ Kh7 58. Qb7+ Rf7 59. Qg2 Qd4 60.
Rb7 Rxb7 61. Qxb7+ Kh6 62. e6 Qe3 63. a6 Qxe6 64. a7 Qa2+ 65. Kg1 Qa1+ 66. Kg2
Qa2+ 67. Kf3 Qa3+ 68. Ke4 Qa4+ 69. Ke5 Qa1+ 70. Ke6 Qa2+ 71. Ke7 Qa3+ 72. Ke8
Qa4+ 73. Kf8 Qa3+ 74. Kg8 Qa2+ 75. Qf7 Qe6 76. a8=Q 1-0

[Event "Petrov Memorial Rapid"]
[Site "Jurmala"]
[Date "2015.03.08"]
[Round "8"]
[White "Gleizerov, Evgeny"]
[Black "Malakhov, Vladimir"]
[Result "1/2-1/2"]
[ECO "D15"]
[WhiteElo "2531"]
[BlackElo "2706"]
[Annotator "Robot 8"]
[PlyCount "27"]
[EventDate "2015.??.??"]
[EventCountry "LAT"]
[TimeControl "900+6"]

1. d4 d5 2. c4 c6 3. Nf3 Nf6 4. Nc3 a6 5. Ne5 Nbd7 6. Bf4 dxc4 7. Nxc4 b5 8.
Ne5 Bb7 9. e3 e6 10. Be2 Be7 11. O-O O-O 12. Bf3 Nd5 13. Nxd5 cxd5 14. Rc1
1/2-1/2

[Event "Petrov Memorial Rapid"]
[Site "Jurmala"]
[Date "2015.03.08"]
[Round "8"]
[White "Tomashevsky, Evgeny"]
[Black "Dobrov, Vladimir"]
[Result "1/2-1/2"]
[ECO "A88"]
[WhiteElo "2745"]
[BlackElo "2490"]
[Annotator "Robot 8"]
[PlyCount "136"]
[EventDate "2015.??.??"]
[EventCountry "LAT"]
[TimeControl "900+6"]

1. d4 f5 2. g3 Nf6 3. Bg2 g6 4. Nf3 Bg7 5. O-O O-O 6. c4 d6 7. Nc3 c6 8. b4 Kh8
9. Rb1 Nbd7 10. d5 Nb6 11. dxc6 bxc6 12. Nd4 Bd7 13. Nxc6 Bxc6 14. Bxc6 Rc8 15.
b5 Nxc4 16. Qa4 Na5 17. Bd2 Nxc6 18. bxc6 Qc7 19. Rb7 Qxc6 20. Qxc6 Rxc6 21.
Rxe7 Ng8 22. Re3 Rb8 23. Rd1 Rb2 24. Nd5 Be5 25. Nb4 Rb6 26. Nd3 Rb1 27. Rxb1
Rxb1+ 28. Kg2 Bf6 29. a3 Kg7 30. Bb4 d5 31. Re6 Bd4 32. e3 Bb6 33. Rd6 Rb3 34.
Nf4 Nf6 35. Nxd5 Nxd5 36. Rxd5 h5 37. h3 Kf6 38. Rd6+ Kf7 39. Rc6 Rb2 40. Kf3
g5 41. Rc3 g4+ 42. hxg4 hxg4+ 43. Kg2 Ke6 44. Bc5 Kd5 45. Bxb6 axb6 46. Rc8 b5
47. Rd8+ Kc4 48. Rf8 Rb3 49. Rxf5 Rxa3 50. Rf4+ Kc3 51. Rxg4 b4 52. Rg8 b3 53.
Rc8+ Kd3 54. Rb8 Kc2 55. Rc8+ Kd3 56. Rd8+ Kc2 57. Rc8+ Kb1 58. Kf3 b2 59. Rb8
Kc2 60. Rxb2+ Kxb2 61. Ke4 Kc3 62. g4 Ra4+ 63. Kf5 Kd3 64. g5 Ra5+ 65. Kf6 Ke4
66. g6 Ra6+ 67. Kf7 Kf5 68. e4+ Kxe4 1/2-1/2

[Event "Petrov Memorial Rapid"]
[Site "Jurmala"]
[Date "2015.03.08"]
[Round "8"]
[White "Ehlvest, Jaan"]
[Black "Novikov, Stanislav"]
[Result "1-0"]
[ECO "B06"]
[WhiteElo "2547"]
[BlackElo "2550"]
[Annotator "Robot 8"]
[PlyCount "89"]
[EventDate "2015.??.??"]
[EventCountry "LAT"]
[TimeControl "900+6"]

1. d4 g6 2. e4 Bg7 3. Nc3 c6 4. Bc4 b5 5. Bb3 d6 6. Qf3 e6 7. Nge2 a5 8. a4 b4
9. Nd1 Ba6 10. c3 Nd7 11. Bf4 d5 12. cxb4 axb4 13. Ne3 Ngf6 14. Ng3 dxe4 15.
Nxe4 Nxe4 16. Qxe4 O-O 17. Rd1 c5 18. Be5 Nf6 19. Qf3 cxd4 20. Rxd4 Nd5 21.
Bxg7 Kxg7 22. Bxd5 exd5 23. Kd2 Qb6 24. Qf4 Rfe8 25. Rc1 Re4 26. Rxe4 dxe4 27.
Qe5+ Qf6 28. Qxf6+ Kxf6 29. Nd5+ Ke5 30. Nxb4 Bc8 31. Rc5+ Kd4 32. Rc7 Be6 33.
a5 f5 34. a6 f4 35. Nc2+ Ke5 36. a7 h5 37. b4 Kd6 38. Rg7 g5 39. b5 Kc5 40.
Rc7+ Kd6 41. b6 Bd5 42. Nd4 e3+ 43. fxe3 fxe3+ 44. Ke2 Bxg2 45. Nb5+ 1-0

[Event "Petrov Memorial Rapid"]
[Site "Jurmala"]
[Date "2015.03.08"]
[Round "8"]
[White "Karjakin, Sergey"]
[Black "Sakaev, Konstantin"]
[Result "1-0"]
[ECO "C66"]
[WhiteElo "2757"]
[BlackElo "2594"]
[Annotator "Robot 8"]
[PlyCount "83"]
[EventDate "2015.??.??"]
[EventCountry "LAT"]
[TimeControl "900+6"]

1. e4 e5 2. Nf3 Nc6 3. Bb5 Nf6 4. d3 d6 5. O-O Bd7 6. Re1 g6 7. d4 Bg7 8. d5
Nb8 9. Bxd7+ Nbxd7 10. c4 O-O 11. Nc3 h5 12. Bg5 Qe8 13. b4 Nh7 14. Bd2 a6 15.
Rb1 Qd8 16. g3 f5 17. exf5 gxf5 18. Nh4 Qe8 19. c5 dxc5 20. bxc5 Nxc5 21. Be3
b6 22. Bxc5 bxc5 23. Na4 Ng5 24. Nxc5 e4 25. f4 Qe7 26. Nd3 Nh7 27. Ng6 Qd6 28.
Nxf8 Rxf8 29. Ne5 h4 30. Nc6 hxg3 31. hxg3 Ng5 32. Kg2 Nf3 33. Rh1 Bh6 34. Ne5
Nxe5 35. fxe5 Qg6 36. Qh5 Qxh5 37. Rxh5 Bd2 38. Rbh1 Kg7 39. Rh7+ Kg6 40. Rxc7
Rb8 41. d6 Rb2 42. Kh3 1-0

[Event "Petrov Memorial Rapid"]
[Site "Jurmala"]
[Date "2015.03.08"]
[Round "9"]
[White "Khalifman, Alexander"]
[Black "Naiditsch, Arkadij"]
[Result "1-0"]
[ECO "A13"]
[WhiteElo "2613"]
[BlackElo "2711"]
[Annotator "Robot 8"]
[PlyCount "73"]
[EventDate "2015.??.??"]
[EventCountry "LAT"]
[TimeControl "900+6"]

1. Nf3 Nf6 2. c4 e6 3. g3 d5 4. Bg2 dxc4 5. Qa4+ Nbd7 6. Qxc4 c5 7. d3 a6 8. Qb3 Be7 9. a4 Nd5 10. a5 Nb8 11. Nbd2 Nc6 12. Nc4 O-O 13. O-O Bd7 14. Rd1 Rc8 15. e4 Ndb4 16. Be3 f5 17. Nfe5 Nxe5 18. Nxe5 Kh8 19. d4 c4 20. Nxc4 fxe4 21. Nb6 Rc7 22. Bxe4 Bc6 23. Qxe6 Bxe4 24. Qxe4 Bg5 25. Bxg5 Qxg5 26. d5 Rc2 27. Nd7 Rd8 28. Qxb4 Qf5 29. Rd2 Rxd2 30. Qxd2 Rxd7 31. d6 h5 32. Rd1 h4 33. Qd5 Qg6 34. Rd4 Qb1+ 35.
Rd1 Qg6 36. Kg2 Qf6 37. Qh5+ 1-0

[Event "Petrov Memorial Rapid"]
[Site "Jurmala"]
[Date "2015.03.08"]
[Round "9"]
[White "Shomoev, Anton"]
[Black "Fridman, Daniel"]
[Result "0-1"]
[ECO "C42"]
[WhiteElo "2578"]
[BlackElo "2647"]
[Annotator "Robot 8"]
[PlyCount "144"]
[EventDate "2015.??.??"]
[EventCountry "LAT"]
[TimeControl "900+6"]

1. e4 e5 2. Nf3 Nf6 3. Nxe5 d6 4. Nf3 Nxe4 5. d4 d5 6. Bd3 Nc6 7. O-O Be7 8.
Nc3 Nxc3 9. bxc3 O-O 10. Rb1 Rb8 11. h3 h6 12. Bf4 Bd6 13. Qd2 Qf6 14. Bxd6
Qxd6 15. Rfe1 Be6 16. Ne5 Nxe5 17. Rxe5 f6 18. Re3 Qf4 19. Qe2 Bf7 20. Re7 Qd6
21. Bf5 Rbe8 22. Rxe8 Rxe8 23. Qd2 b6 24. Qc1 Re7 25. Bd3 g5 26. Ra1 Kg7 27. a3
Qc6 28. Qd2 Qd6 29. Qd1 Bg6 30. Qf3 Be4 31. Bxe4 dxe4 32. Qf5 Qc6 33. Re1 Qxc3
34. Rxe4 Rxe4 35. Qxe4 Qa1+ 36. Kh2 Qxa3 37. c4 Qd6+ 38. Kg1 a5 39. Qe3 a4 40.
c5 bxc5 41. dxc5 Qd1+ 42. Kh2 Qb3 43. Qe7+ Qf7 44. Qe3 Kf8 45. Qd3 Qe7 46. Qa6
Qxc5 47. Qxf6+ Ke8 48. Qg6+ Kd7 49. Qf7+ Kd6 50. Qf8+ Kd5 51. Qf5+ Kc4 52. Qc2+
Kb5 53. Qe2+ Kb6 54. Qb2+ Kc6 55. g3 a3 56. Qa2 Kb6 57. Qb3+ Ka5 58. Kg2 c6 59.
Kg1 Qc1+ 60. Kg2 Qc5 61. Kg1 h5 62. h4 g4 63. Qa2 Ka4 64. Qb1 Qc4 65. Qd1+ Kb5
66. Qb1+ Ka6 67. Qb8 a2 68. Qa8+ Kb5 69. Qb7+ Ka4 70. Qa7+ Kb3 71. Qb6+ Kc2 72.
Qa5 Kb1 0-1

[Event "Petrov Memorial Rapid"]
[Site "Jurmala"]
[Date "2015.03.08"]
[Round "9"]
[White "Lysyj, Igor"]
[Black "Fedorov, Alexei"]
[Result "0-1"]
[ECO "E97"]
[WhiteElo "2691"]
[BlackElo "2566"]
[Annotator "Robot 8"]
[PlyCount "92"]
[EventDate "2015.??.??"]
[EventCountry "LAT"]
[TimeControl "900+6"]

1. d4 Nf6 2. c4 g6 3. Nc3 Bg7 4. e4 d6 5. Nf3 O-O 6. Be2 e5 7. O-O Nc6 8. d5 Ne7 9. Re1 a5 10. Be3 Ng4 11. Bg5 f6 12. Bd2 f5 13. exf5 gxf5 14. Ng5 Nf6 15. Qc2 c6 16. Rad1 h6 17. Nf3 Ng6 18. dxc6 bxc6 19. Bc1 Ra7 20. Bf1 Re7 21. a3 Qc7 22. b4 axb4 23. axb4 d5 24. cxd5 cxd5 25. Qb3 Be6 26. Nb5 Qb8 27. Bb2 d4 28. Qa4 Ne4 29. Qa6 Nf4 30.
Ra1 Bd5 31. Na7 Re6 32. Qa5 Qb7 33. g3 d3 34. Re3 Ne2+ 35. Bxe2 dxe2 36. Qb5 Rb6 37. Qxe2 Ra8 38. Rea3 Rxb4 39. Bc1 Nc5 40. Nh4 Nb3 41. Nxf5 Nxa1 42. Qg4 Rb1 43. Rc3 Kh7 44. Nh4 Qf7 45. Nc6 Rf8 46. f3 e4 0-1

[Event "Petrov Memorial Rapid"]
[Site "Jurmala"]
[Date "2015.03.08"]
[Round "9"]
[White "Sakaev, Konstantin"]
[Black "Ehlvest, Jaan"]
[Result "1/2-1/2"]
[ECO "A41"]
[WhiteElo "2594"]
[BlackElo "2547"]
[Annotator "Robot 8"]
[PlyCount "56"]
[EventDate "2015.??.??"]
[EventCountry "LAT"]
[TimeControl "900+6"]

1. d4 d6 2. Nf3 g6 3. c4 f5 4. b4 Bg7 5. Bb2 Nf6 6. e3 O-O 7. Be2 Qe8 8. Qb3 Kh8 9. O-O c6 10. b5 Nbd7 11. Nc3 e5 12. bxc6 bxc6 13. Qa4 c5 14. dxe5 dxe5 15. Nd5 Nxd5 16. cxd5 Nb6 17. Qxe8 Rxe8 18. Rac1 e4 19. Bxg7+ Kxg7 20. Nd2 Nxd5 21. Rxc5 Be6 22. Nb3 Rec8 23. Nd4 Bf7 24. Rfc1 Rxc5 25. Rxc5 Rb8 26. h4 Rb7 27. Bb5 Rc7 28. Rc6 Rxc6 1/2-1/2

[Event "Petrov Memorial Rapid"]
[Site "Jurmala"]
[Date "2015.03.08"]
[Round "9"]
[White "Rapport, Richard"]
[Black "Gleizerov, Evgeny"]
[Result "1-0"]
[ECO "A00"]
[WhiteElo "2709"]
[BlackElo "2531"]
[Annotator "Robot 8"]
[PlyCount "104"]
[EventDate "2015.??.??"]
[EventCountry "LAT"]
[TimeControl "900+6"]

1. g3 e5 2. Nf3 e4 3. Nh4 d5 4. d3 Be7 5. dxe4 dxe4 6. Qxd8+ Bxd8 7. Nc3 f5 8.
Bh3 Ne7 9. Bg5 O-O 10. O-O-O Nbc6 11. f3 exf3 12. exf3 h6 13. Bxe7 Nxe7 14. Ng2
Ng6 15. Rhe1 f4 16. Bxc8 Rxc8 17. g4 c6 18. Rd6 Nh4 19. Nxh4 Bxh4 20. Red1 Rc7
21. Ne4 Rff7 22. c4 Kh7 23. Kc2 Rce7 24. Kd3 Bf6 25. b4 Be5 26. Rd8 Bc7 27. Ra8
Rd7+ 28. Ke2 Rxd1 29. Kxd1 a6 30. Ke2 Rd7 31. a3 Be5 32. a4 Rd4 33. Re8 Bf6 34.
Nxf6+ gxf6 35. Re4 Rd7 36. Rxf4 Kg7 37. h4 Rd8 38. h5 Kf7 39. Ke3 Rd7 40. Rd4
Re7+ 41. Kf4 Kg7 42. b5 cxb5 43. cxb5 axb5 44. axb5 Kf7 45. b6 Re1 46. Rd7+ Ke6
47. Rxb7 Rb1 48. Kg3 Rb4 49. Rh7 Rxb6 50. Rxh6 Rb5 51. Rh7 Rb1 52. Ra7 Kd5 1-0

[Event "Petrov Memorial Rapid"]
[Site "Jurmala"]
[Date "2015.03.08"]
[Round "9"]
[White "Mamedyarov, Shakhriyar"]
[Black "Gelfand, Boris"]
[Result "1/2-1/2"]
[ECO "D11"]
[WhiteElo "2756"]
[BlackElo "2747"]
[Annotator "Robot 8"]
[PlyCount "173"]
[EventDate "2015.??.??"]
[EventCountry "LAT"]
[TimeControl "900+6"]

1. d4 d5 2. c4 c6 3. Nf3 Nf6 4. Nbd2 Bf5 5. Nh4 Be6 6. e3 g6 7. b3 Bg7 8. Bb2
O-O 9. Rc1 Ne4 10. Bd3 Nxd2 11. Qxd2 Nd7 12. cxd5 cxd5 13. Nf3 Qb6 14. Ba3 Bf6
15. h3 Rfc8 16. g4 Rxc1+ 17. Qxc1 Qd8 18. Ke2 Rc8 19. Qd2 Nb8 20. Rc1 Rxc1 21.
Qxc1 Qc8 22. Qxc8+ Bxc8 23. Ne5 Kf8 24. f4 Bg7 25. Kd2 f5 26. g5 Bxe5 27. dxe5
Nc6 28. Kc3 Ke8 29. Bc5 b6 30. Ba3 a5 31. h4 Be6 32. Be2 Kd7 33. h5 Bf7 34. h6
Na7 35. Kd2 Be6 36. Bb2 Kc7 37. Bc3 Nc6 38. Kc2 Bf7 39. Kb2 Be6 40. Ka3 Bf7 41.
Bd3 Be6 42. b4 axb4+ 43. Bxb4 Bf7 44. Bc3 Be6 45. Bb5 Bd7 46. Ba4 Be6 47. Bb4
Bd7 48. Bc3 Be6 49. Kb2 Bd7 50. Bb3 Be6 51. Kc2 b5 52. Kb2 Kb6 53. Kc2 Kc5 54.
a3 Bf7 55. Kd3 e6 56. Be1 Kb6 57. Kc3 Na5 58. Ba2 Nc4 59. Kb4 Kc6 60. Bf2 Nd2
61. a4 bxa4 62. Kxa4 Be8 63. Kb4 Ne4 64. Be1 Kb6 65. Bb1 Bb5 66. Bc2 Nc5 67.
Bc3 Nd3+ 68. Ka3 Kc6 69. Bd1 Kb6 70. Bd4+ Ka5 71. Bc3+ Kb6 72. Bh5 Be8 73. Be2
Bb5 74. Bd1 Bc6 75. Bd4+ Ka5 76. Bc3+ Kb6 77. Ka2 Bb5 78. Ka3 Bc6 79. Bd4+ Ka5
80. Bc2 Bb5 81. Ba7 Ka6 82. Bd4 Ka5 83. Bb3 Nf2 84. Bc3+ Kb6 85. Bd4+ Ka5 86.
Bc5 Nd3 87. Bd4 1/2-1/2

[Event "Petrov Memorial Rapid"]
[Site "Jurmala"]
[Date "2015.03.08"]
[Round "9"]
[White "Dobrov, Vladimir"]
[Black "Shirov, Alexei"]
[Result "0-1"]
[ECO "A11"]
[WhiteElo "2490"]
[BlackElo "2691"]
[Annotator "Robot 8"]
[PlyCount "77"]
[EventDate "2015.??.??"]
[EventCountry "LAT"]
[TimeControl "900+6"]

1. Nf3 d5 2. e3 Nf6 3. c4 c6 4. Nc3 e6 5. b3 Nbd7 6. Qc2 Bd6 7. Bb2 O-O 8. Rg1
b5 9. g4 bxc4 10. bxc4 Rb8 11. Rb1 Nc5 12. Nd4 Bd7 13. cxd5 cxd5 14. Ncb5 Be7
15. g5 Nfe4 16. f3 e5 17. fxe4 exd4 18. Bxd4 Nxe4 19. Bd3 Bxg5 20. Bxg7 Kxg7
21. h4 Bxb5 22. Bxe4 h6 23. Qb2+ d4 24. hxg5 hxg5 25. d3 Re8 26. Qxd4+ Qxd4 27.
exd4 f6 28. Kd2 Bd7 29. Rxb8 Rxb8 30. Kc3 f5 31. Bh1 g4 32. d5 Kf6 33. Kd4 f4
34. Be4 Rb4+ 35. Kc5 Rxe4 36. dxe4 Ke5 37. Rh1 f3 38. Rh5+ Kxe4 39. Rh7 0-1

[Event "Petrov Memorial Rapid"]
[Site "Jurmala"]
[Date "2015.03.08"]
[Round "9"]
[White "Malakhov, Vladimir"]
[Black "Tomashevsky, Evgeny"]
[Result "0-1"]
[ECO "A09"]
[WhiteElo "2706"]
[BlackElo "2745"]
[Annotator "Robot 8"]
[PlyCount "72"]
[EventDate "2015.??.??"]
[EventCountry "LAT"]
[TimeControl "900+6"]

1. Nf3 d5 2. c4 d4 3. g3 Nc6 4. Bg2 e5 5. O-O e4 6. Ne1 h5 7. Bxe4 h4 8. d3 Bh3
9. Ng2 Qd7 10. Bf4 Nf6 11. Bf3 Bd6 12. Qc1 O-O-O 13. Na3 hxg3 14. fxg3 Ng4 15.
Bxd6 cxd6 16. Bxg4 Qxg4 17. Rf2 g5 18. c5 Rhe8 19. Nb5 dxc5 20. Qxc5 Kb8 21.
Re1 Re5 22. Qc4 f5 23. e3 Bxg2 24. Rxg2 dxe3 25. Qxg4 fxg4 26. Na3 Nd4 27. Nc4
Nf3+ 28. Kf1 Nxe1 29. Nxe5 Nxg2 30. Kxg2 Rd5 31. Nxg4 Rxd3 32. Kf3 Rd2 33. h4
gxh4 34. gxh4 e2 35. Kf2 Rxb2 36. h5 Rb4 0-1

[Event "Petrov Memorial Rapid"]
[Site "Jurmala"]
[Date "2015.03.08"]
[Round "10"]
[White "Shirov, Alexei"]
[Black "Sakaev, Konstantin"]
[Result "1/2-1/2"]
[ECO "C67"]
[WhiteElo "2691"]
[BlackElo "2594"]
[Annotator "Robot 8"]
[PlyCount "53"]
[EventDate "2015.??.??"]
[EventCountry "LAT"]
[TimeControl "900+6"]

1. e4 e5 2. Nf3 Nc6 3. Bb5 Nf6 4. O-O Nxe4 5. d4 Nd6 6. Bxc6 dxc6 7. dxe5 Nf5
8. Qxd8+ Kxd8 9. Nc3 Ke8 10. h3 h5 11. Bf4 Be7 12. Rad1 Bd7 13. Ng5 Rd8 14. e6
fxe6 15. Nce4 Rc8 16. Rfe1 Rf8 17. Nh7 Rh8 18. Neg5 c5 19. c3 b6 20. Be5 h4 21.
g4 hxg3 22. fxg3 Rg8 23. g4 Nd6 24. Bg3 Rh8 25. Be5 Rg8 26. Bg3 Rh8 27. Kh2
1/2-1/2

[Event "Petrov Memorial Rapid"]
[Site "Jurmala"]
[Date "2015.03.08"]
[Round "10"]
[White "Naiditsch, Arkadij"]
[Black "Chigaev, Maksim"]
[Result "1-0"]
[ECO "B12"]
[WhiteElo "2711"]
[BlackElo "2497"]
[Annotator "Robot 8"]
[PlyCount "78"]
[EventDate "2015.??.??"]
[EventCountry "LAT"]
[TimeControl "900+6"]

1. e4 c6 2. d4 d5 3. e5 c5 4. Nf3 Bg4 5. c4 cxd4 6. Qxd4 Bxf3 7. gxf3 Nc6 8.
Qxd5 e6 9. Qxd8+ Rxd8 10. Be3 Bb4+ 11. Nd2 Nxe5 12. O-O-O a6 13. Be2 Ne7 14.
Ne4 Nf5 15. Bf4 Ng6 16. Bc7 Rc8 17. Bg3 Be7 18. Kb1 h5 19. c5 h4 20. Bd6 Bxd6
21. cxd6 Kd7 22. Rd2 Nf4 23. Bd1 Rc6 24. Bb3 Rhc8 25. a4 a5 26. Rg1 Rb6 27. Ka2
Rb4 28. Rg4 Ng6 29. Ng5 Nh6 30. Re4 Rxe4 31. fxe4 Rc5 32. Nf3 Ng4 33. Nd4 h3
34. Nxe6 fxe6 35. Bxe6+ Kd8 36. Bxg4 Rc4 37. Bxh3 Rxa4+ 38. Kb1 Rxe4 39. Rc2
Rf4 1-0

[Event "Petrov Memorial Rapid"]
[Site "Jurmala"]
[Date "2015.03.08"]
[Round "10"]
[White "Socko, Bartosz"]
[Black "Van Wely, Loek"]
[Result "0-1"]
[ECO "E32"]
[WhiteElo "2623"]
[BlackElo "2665"]
[Annotator "Robot 8"]
[PlyCount "70"]
[EventDate "2015.??.??"]
[EventCountry "LAT"]
[TimeControl "900+6"]

1. d4 Nf6 2. c4 e6 3. Nc3 Bb4 4. Qc2 O-O 5. a3 Bxc3+ 6. Qxc3 b6 7. Bg5 Bb7 8.
e3 d6 9. Ne2 Nbd7 10. Qd3 h6 11. Bh4 Re8 12. Nc3 Nf8 13. O-O-O Ng6 14. Bg3 e5
15. Qc2 exd4 16. Rxd4 Qe7 17. Nd5 Nxd5 18. cxd5 a6 19. Kb1 Rac8 20. Bd3 Ne5 21.
Bf5 c5 22. dxc6 Rxc6 23. Qb3 Rc5 24. Rhd1 Bxg2 25. Rxd6 Nc4 26. Bd3 Be4 27. Rd4
Bxd3+ 28. Qxd3 Qe6 29. Rd5 Rxd5 30. Qxd5 Qg6+ 31. Ka2 Qc2 32. Qd4 Re4 33. Qd8+
Kh7 34. Rb1 Nxa3 35. Rg1 Nb5 0-1

[Event "Petrov Memorial Rapid"]
[Site "Jurmala"]
[Date "2015.03.08"]
[Round "10"]
[White "Fridman, Daniel"]
[Black "Ivanchuk, Vasil"]
[Result "1/2-1/2"]
[ECO "D30"]
[WhiteElo "2647"]
[BlackElo "2731"]
[Annotator "Robot 8"]
[PlyCount "136"]
[EventDate "2015.??.??"]
[EventCountry "LAT"]
[TimeControl "900+6"]

1. d4 d5 2. Nf3 Nf6 3. c4 c6 4. Qc2 e6 5. g3 dxc4 6. Qxc4 b5 7. Qb3 Bb7 8. Bg2
a6 9. a4 c5 10. dxc5 Nbd7 11. Be3 Qa5+ 12. Nbd2 Bxc5 13. O-O Bd5 14. Qd3 Bxe3
15. Qxe3 bxa4 16. Qd4 O-O 17. Rxa4 Qb5 18. Rfa1 Rfb8 19. e4 Bc6 20. R4a2 h6 21.
Bf1 Qb4 22. Rxa6 Rxa6 23. Rxa6 Qxd4 24. Nxd4 Bxe4 25. Nxe4 Nxe4 26. Ra2 Ndc5
27. Bc4 Rb4 28. b3 Nxb3 29. Bxb3 Rxd4 30. Ra8+ Kh7 31. Bc2 g6 32. Bxe4 Rxe4 33.
h4 Kg7 34. Ra7 Kf6 35. Kg2 Rb4 36. Kf3 Rb5 37. Kg2 e5 38. Kf3 Ke6 39. Ra6+ Ke7
40. h5 e4+ 41. Kxe4 Rxh5 42. Kf3 Rb5 43. Kg2 h5 44. Rc6 Kf8 45. Ra6 Kg7 46. Rc6
g5 47. Ra6 f6 48. Rc6 Kg6 49. Rc4 Rb8 50. Ra4 Rh8 51. Rb4 h4 52. gxh4 Rxh4 53.
Rb5 Rc4 54. Kg3 Rc3+ 55. Kg2 g4 56. Ra5 f5 57. Ra4 Kg5 58. Ra5 Rd3 59. Rb5 Kf4
60. Rb4+ Ke5 61. Rb5+ Ke4 62. Rb4+ Rd4 63. Rxd4+ Kxd4 64. f3 g3 65. Kxg3 Ke3
66. f4 Ke4 67. Kg2 Kxf4 68. Kf2 Ke5 1/2-1/2

[Event "Petrov Memorial Rapid"]
[Site "Jurmala"]
[Date "2015.03.08"]
[Round "10"]
[White "Tomashevsky, Evgeny"]
[Black "Mamedyarov, Shakhriyar"]
[Result "1/2-1/2"]
[ECO "A50"]
[WhiteElo "2745"]
[BlackElo "2756"]
[Annotator "Robot 8"]
[PlyCount "105"]
[EventDate "2015.??.??"]
[EventCountry "LAT"]
[TimeControl "900+6"]

1. c4 Nf6 2. Nf3 b6 3. g3 Bb7 4. d4 g6 5. Bg2 Bg7 6. O-O O-O 7. Re1 e6 8. Bf4
d6 9. Qc2 Nbd7 10. Nc3 Qe7 11. Rad1 h6 12. e4 e5 13. dxe5 dxe5 14. Nd5 Nxd5 15.
exd5 Qd6 16. Bd2 a5 17. Bc3 Rae8 18. b3 Re7 19. Qb2 Rfe8 20. Re3 c6 21. Nd2 Nc5
22. Qc2 f5 23. dxc6 Bxc6 24. Ne4 Bxe4 25. Bxe4 Qc7 26. Bd5+ Kh7 27. f3 f4 28.
Re2 e4 29. Bxg7 Rxg7 30. Kg2 exf3+ 31. Bxf3 Rxe2+ 32. Qxe2 Re7 33. Qd2 fxg3 34.
hxg3 h5 35. Qd6 Qxd6 36. Rxd6 Re6 37. Rxe6 Nxe6 38. a3 Kg7 39. b4 axb4 40. axb4
Kf6 41. Kf2 Ke5 42. Ke3 Nd4 43. Be4 g5 44. Bg6 h4 45. gxh4 gxh4 46. Kf2 Nc6 47.
c5 b5 48. Be8 Nxb4 49. Bxb5 h3 50. Kg3 Kd5 51. c6 Nxc6 52. Bxc6+ Kxc6 53. Kxh3
1/2-1/2

[Event "Petrov Memorial Rapid"]
[Site "Jurmala"]
[Date "2015.03.08"]
[Round "10"]
[White "Ehlvest, Jaan"]
[Black "Rapport, Richard"]
[Result "0-1"]
[ECO "A10"]
[WhiteElo "2547"]
[BlackElo "2709"]
[Annotator "Robot 8"]
[PlyCount "40"]
[EventDate "2015.??.??"]
[EventCountry "LAT"]
[TimeControl "900+6"]

1. c4 f5 2. g3 Nf6 3. Bg2 e6 4. Nf3 Be7 5. O-O d5 6. b3 Nc6 7. d4 Ne4 8. Bb2 h5
9. Nbd2 h4 10. Rc1 hxg3 11. hxg3 Bf6 12. e3 Qe7 13. cxd5 exd5 14. Rxc6 bxc6 15.
Qc1 Qe6 16. Qc2 Ba6 17. Re1 g5 18. Ne5 Bxe5 19. dxe5 g4 20. Nf1 Rh6 0-1

[Event "Petrov Memorial Rapid"]
[Site "Jurmala"]
[Date "2015.03.08"]
[Round "10"]
[White "Karjakin, Sergey"]
[Black "Khalifman, Alexander"]
[Result "1-0"]
[ECO "B31"]
[WhiteElo "2757"]
[BlackElo "2613"]
[Annotator "Robot 8"]
[PlyCount "75"]
[EventDate "2015.??.??"]
[EventCountry "LAT"]
[TimeControl "900+6"]

1. e4 c5 2. Nf3 Nc6 3. Nc3 g6 4. Bb5 Bg7 5. O-O Nf6 6. Bxc6 dxc6 7. h3 Nd7 8.
d3 Nf8 9. Ne2 e5 10. a3 a5 11. Bd2 Ne6 12. b4 axb4 13. axb4 Rxa1 14. Qxa1 Nd4
15. Nexd4 cxd4 16. c3 O-O 17. cxd4 exd4 18. Bf4 Re8 19. Rc1 Qf6 20. Bg3 g5 21.
Rc5 g4 22. hxg4 Bxg4 23. Be5 Qg6 24. Nh4 Qh6 25. Nf5 Bxf5 26. Bxg7 Qxg7 27.
Rxf5 h6 28. Qa7 b5 29. Rf3 Re6 30. Rg3 Rg6 31. Rxg6 Qxg6 32. Qxd4 h5 33. Qe5
Kh7 34. Kh2 Qg4 35. Qf6 Kg8 36. f3 Qd7 37. d4 h4 38. f4 1-0

[Event "Petrov Memorial Rapid"]
[Site "Jurmala"]
[Date "2015.03.08"]
[Round "10"]
[White "Fedoseev, Vladimir"]
[Black "Shomoev, Anton"]
[Result "1-0"]
[ECO "B81"]
[WhiteElo "2674"]
[BlackElo "2578"]
[Annotator "Robot 8"]
[PlyCount "69"]
[EventDate "2015.??.??"]
[EventCountry "LAT"]
[TimeControl "900+6"]

1. e4 c5 2. Nf3 d6 3. d4 cxd4 4. Nxd4 Nf6 5. Nc3 a6 6. h3 e6 7. g4 h6 8. Bg2 g5
9. Be3 Nbd7 10. Qe2 Ne5 11. O-O h5 12. f3 Nfd7 13. b3 Ng6 14. Qd2 Be7 15. Nce2
Nde5 16. Ng3 hxg4 17. fxg4 Nf4 18. Bxf4 gxf4 19. Qxf4 Bd7 20. Nf3 Qb6+ 21. Kh1
Ng6 22. Qd2 Bc6 23. Ng5 Ne5 24. Nh5 Qc5 25. Ng7+ Kd7 26. Nxf7 Nxf7 27. Rxf7
Raf8 28. Raf1 Rxf7 29. Rxf7 Qe5 30. Qf4 Qc3 31. Nxe6 Rxh3+ 32. Bxh3 Qxh3+ 33.
Kg1 Ke8 34. Ng7+ Kd8 35. Nf5 1-0